 Dungeon Crawl Stone Soup version 0.31.0-11-ge490571c62 (webtiles) character file.

Game seed: 2998285552603845676

10458 Sabo the Basher (level 11, -11/69 HPs)
             Began as a Gargoyle Monk on Feb 7, 2024.
             Was a Believer of Makhleb.
             Mangled by a very large slime creature (26 damage)
             ... on level 12 of the Dungeon on Feb 10, 2024.
             The game lasted 01:07:29 (11525 turns).

Sabo the Basher (Gargoyle Monk)                    Turns: 11525, Time: 01:07:29

Health: -11/69     AC: 28    Str: 20    XL:     11   Next: 62%
Magic:  11/11      EV: 14    Int:  6    God:    Makhleb [**....]
Gold:   298        SH:  0    Dex: 15    Spells: 10/10 levels left

rFire   . . .        T - +6 war axe of Spite {flame, Dex+3}
rCold   + . .        d - orb {light}
rNeg    + + +        y - +4 ring mail of the Exiled Tables {rC+ rN++ Regen+ Int-4}
rPois   ∞            N - +2 helmet
rElec   +            O - +0 cloak
rCorr   +            q - +0 pair of gloves of Relativism {Rampage rC+ Will+}
SInv    +            v - +2 pair of boots
Will    +....        j - amulet of regeneration Stlth
                     r - ring of Muczivae {rC- rN+ rCorr SInv}
HPRegen 1.91/turn    (no ring)
MPRegen 0.12/turn

%: rampage
@: confused, ambrosia-drunk, glowing
A: sickness immunity, AC +8, negative energy resistance 1, electricity
resistance, torment resistance 1, petrification resistance
a: Renounce Religion, Minor Destruction


You were on level 12 of the Dungeon.
You worshipped Makhleb.
Makhleb was pleased with you.
You visited 2 branches of the dungeon, and saw 13 of its levels.

You collected 912 gold pieces.
You spent 614 gold pieces at shops.

Inventory:

Hand Weapons
 g - a +3 spear of freezing
 z - the +7 dagger of Due Proportion {speed, rF+++ MP+9 Dex-4}
   (You found it on level 4 of the Dungeon)

   Dex-4:     It affects your dexterity (-4).
   rF+++:     It renders you almost immune to fire.
   MP+9:      It affects your magic capacity (+9).
 G - a +0 orcbow
 J - a +5 flail of protection
 T - the +6 war axe of Spite (weapon) {flame, Dex+3}
   (You bought it in a shop on level 10 of the Dungeon)

   Dex+3:     It affects your dexterity (+3).
Missiles
 e - 4 atropa-tipped darts
 m - 42 poisoned darts (quivered)
 H - 2 throwing nets
Armour
 a - a scarf of invisibility
 d - an orb of light (worn)
 q - the +0 pair of gloves of Relativism (worn) {Rampage rC+ Will+}
   (You bought it in a shop on level 10 of the Dungeon)

   rC+:       It protects you from cold.
   Will+:     It increases your willpower.
   Rampage:   It bestows one free step when moving towards enemies.
 t - a +6 scale mail of willpower
 v - a +2 pair of boots (worn)
 y - the +4 ring mail of the Exiled Tables (worn) {rC+ rN++ Regen+ Int-4}
   (You found it on level 4 of the Dungeon)

   Int-4:     It affects your intelligence (-4).
   rC+:       It protects you from cold.
   rN++:      It greatly protects you from negative energy.
   Regen+:    It increases your rate of health regeneration.
 E - +0 pearl dragon scales
 N - a +2 helmet (worn)
 O - a +0 cloak (worn)
Jewellery
 j - an amulet of regeneration (around neck)
 r - the ring of Muczivae (left hand) {rC- rN+ rCorr SInv}
   (You found it on level 2 of the Dungeon)

   [ring of see invisible]

   rC-:       It makes you vulnerable to cold.
   rN+:       It protects you from negative energy.
   SInv:      It lets you see invisible.
   rCorr:     It protects you from acid and corrosion.
 S - a ring of willpower
Talismans
 x - a blade talisman
 K - a flux talisman
 P - a serpent talisman
Wands
 b - a wand of roots (22)
 l - a wand of digging (5)
 o - a wand of charming (15)
 I - a wand of flame (21)
 L - a wand of quicksilver (14)
Scrolls
 f - 5 scrolls of revelation
 p - 3 scrolls of fog
 s - 4 scrolls of teleportation
 C - 4 scrolls of poison
 R - 2 scrolls of blinking
Potions
 c - a potion of ambrosia
 h - 5 potions of enlightenment
 i - 2 potions of haste {unknown}
 k - 2 potions of magic {unknown}
 n - a potion of brilliance {unknown}
 u - 2 potions of heal wounds {unknown}
 w - 3 potions of mutation
 B - 3 potions of curing {unknown}
 D - a potion of might {unknown}


   Skills:
 + Level 8.6 Fighting
 + Level 5.0 Short Blades
 + Level 7.1(9.0) Axes
 + Level 9.3(10.6) Maces & Flails
 + Level 7.4 Armour
 + Level 6.3 Dodging
 + Level 3.0 Stealth


You had 10 spell levels left.
You didn't know any spells.
Your spell library contained the following spells:

 Spells                   Type           Power      Damage    Failure   Level
 Sandblast                Erth           0%         2d4       61%         1
 Sting                    Conj/Alch      0%         1d3       61%         1
 Ensorcelled Hibernation  Hex/Ice        0%         N/A       75%         2
 Mercury Vapours          Alch/Air       0%         N/A       75%         2
 Call Canine Familiar     Summ           0%         N/A       93%         3
 Passwall                 Erth           0%         N/A       93%         3
 Sigil of Binding         Hex            0%         N/A       93%         3
 Stone Arrow              Conj/Erth      0%         3d7       93%         3
 Swiftness                Air            0%         N/A       93%         3
 Brom's Barrelling Bould  Conj/Erth      0%         2d3       100%        4
 Dimensional Bullseye     Hex/Tloc       0%         N/A       100%        4
 Olgreb's Toxic Radiance  Alch           0%         N/A       100%        4
 Conjure Ball Lightning   Conj/Air       0%         3x3d6     100%        6
 Discord                  Hex            0%         N/A       100%        8
 Disjunction              Tloc           0%         N/A       100%        8


Dungeon Overview and Level Annotations

Branches:
Dungeon (12/15)            Temple (1/1) D:6            Lair (0/5) D:10
    Orc: D:9-12

Altars:
Ashenzari
Cheibriados
Dithmenos
Elyvilon
Fedhas
Gozag
Hepliaklqana
Kikubaaqudgha
Makhleb
Nemelex Xobeh
Okawaru
Qazlal
Ru
Sif Muna
Trog
Uskayaw
Vehumet
Wu Jian
Xom
Yredelemnul
Zin
The Shining One

Shops:
D:1 =   D:4 (   D:10 :[(


Innate Abilities, Weirdness & Mutations

You are immune to sickness and miasma.
Your stone body is resilient. (AC +8)
You are immune to poison.
You resist negative energy. (rN+)
You are resistant to electric shocks. (rElec)
You are resistant to unholy torment.
You are immune to petrification.


Message History

The boulder beetle barely misses you.
You hit the large slime creature. You burn the large slime creature.
The large slime creature is moderately wounded.
You hit the boulder beetle. You burn the boulder beetle.
The boulder beetle closely misses you.
The large slime creature completely misses you.
Two slime creatures merge to form a very large slime creature.
You slash the very large slime creature!
You burn the very large slime creature.
The very large slime creature is moderately wounded.
You hit the boulder beetle but do no damage.
The boulder beetle bites you!
You slash the very large slime creature!
You burn the very large slime creature.
The very large slime creature is moderately wounded.
You hit the boulder beetle. You burn the boulder beetle.
The boulder beetle bites you but does no damage.
You slash the very large slime creature!
You burn the very large slime creature.
The very large slime creature is heavily wounded.
You hit the boulder beetle but do no damage.
The very large slime creature hits you!!
The boulder beetle barely misses you.
You hit the very large slime creature. You burn the very large slime creature.
The very large slime creature is heavily wounded.
You hit the boulder beetle but do no damage.
The very large slime creature hits you!!
* * * LOW HITPOINT WARNING * * *
The boulder beetle bites you but does no damage.
You slash the very large slime creature!
You burn the very large slime creature.
The very large slime creature is heavily wounded.
You hit the boulder beetle. You burn the boulder beetle.
The very large slime creature hits you but does no damage.
The boulder beetle bites you.
* * * LOW HITPOINT WARNING * * *
You are confused.
You feel invigorated.
The very large slime creature hits you!!
You die...

###
#..
#.#
#J#
#@#
#B#
#y#
#y#
#y#
#..
###


You could see a boulder beetle, a very large slime creature and 3 vampire
mosquitoes.

Vanquished Creatures
  A dancing weapon (D:6)
  Pikel (D:5)
  A cyclops (D:11)
  Maurice (D:8)
  An unseen horror (D:7)
  2 gargoyles
  The ghost of Faeranduil the Apothecary, a novice OpAl (D:6)
  A troll (D:10)
  Sigmund (D:6)
  3 wyverns
  3 wraiths
  10 yaks
  A basilisk (D:10)
  3 vampire mosquitoes (D:11)
  Edmund (D:5)
  A water moccasin (D:8)
  Duvessa (D:5)
  A sky beast (D:7)
  2 black bears
  3 orc warriors
  An ice beast (D:6)
  3 ogres
  3 centaurs
  6 kobold brigands
  A gnoll sergeant (D:6)
  4 scorpions
  Dowan (D:5)
  12 wights
  2 howler monkeys
  8 orc priests
  2 centaur zombies (D:8)
  9 hounds
  3 gnoll boudas
  A jelly (D:6)
  Terence (D:3)
  Natasha (D:2)
  An iguana (D:5)
  15 orc wizards
  An adder (D:5)
  17 gnolls
  A shadow imp (D:3)
  2 white imps
  2 ufetubi (D:7)
  2 ribbon worms
  2 dart slugs
  32 orcs
  6 bats
  3 endoplasms
  5 giant cockroaches
  12 hobgoblins
  6 jackals
  5 quokkas
  7 ball pythons
  4 frilled lizards
  11 goblins
  25 kobolds
  24 rats
280 creatures vanquished.

Notes
Turn   | Place    | Note
-------+----------+-------------------------------------------
     0 | D:1      | Sabo the Gargoyle Monk began the quest for the Orb.
     0 | D:1      | Reached XP level 1. HP: 14/14 MP: 1/1
   139 | D:1      | Reached XP level 2. HP: 15/19 MP: 2/2
   340 | D:1      | Found Gaepilli's Jewellery Shop.
  1155 | D:2      | Reached XP level 3. HP: 17/23 MP: 3/3
  1758 | D:2      | Identified the ring of Muczivae {rC- rN+ rCorr SInv}
  1762 | D:2      | Noticed Natasha
  1772 | D:2      | Killed Natasha
  1773 | D:2      | Reached XP level 4. HP: 28/29 MP: 4/4
  2255 | D:3      | Noticed Terence
  2271 | D:3      | Killed Terence
  2272 | D:3      | Reached skill level 1 in Armour
  2272 | D:3      | Reached XP level 5. HP: 17/33 MP: 5/5
  2781 | D:3      | Found a sacrificial altar of Ru.
  3806 | D:4      | Found an iron altar of Okawaru.
  3834 | D:4      | Found Culef's Antique Weapon Boutique.
  3867 | D:4      | Reached XP level 6. HP: 39/39 MP: 6/6
  3880 | D:4      | Identified the +4 ring mail of the Exiled Tables {rC+ rN++
                  | Regen+ Int-4}
  3893 | D:4      | Identified the +7 dagger of Due Proportion {speed, rF+++
                  | MP+9 Dex-4}
  4286 | D:4      | Reached skill level 5 in Axes
  4601 | D:5      | Entered Level 5 of the Dungeon
  4613 | D:5      | Reached skill level 1 in Short Blades
  4613 | D:5      | Reached XP level 7. HP: 44/44 MP: 7/7
  4651 | D:5      | Reached skill level 1 in Stealth
  4781 | D:5      | Noticed Pikel
  4837 | D:5      | Killed Pikel
  4838 | D:5      | Reached skill level 5 in Fighting
  4838 | D:5      | Reached XP level 8. HP: 38/49 MP: 8/8
  4996 | D:5      | Noticed Duvessa
  5015 | D:5      | Noticed Dowan
  5018 | D:5      | Killed Duvessa
  5031 | D:5      | Killed Dowan
  5155 | D:5      | Reached skill level 5 in Armour
  5312 | D:5      | Noticed Edmund
  5369 | D:5      | Killed Edmund
  5788 | D:6      | Reached XP level 9. HP: 55/55 MP: 9/9
  5851 | D:6      | Reached skill level 5 in Short Blades
  5879 | D:6      | Found a staircase to the Ecumenical Temple.
  5890 | Temple   | Entered the Ecumenical Temple
  5962 | D:6      | Reached skill level 1 in Maces & Flails
  6148 | D:6      | Reached skill level 2 in Maces & Flails
  6332 | D:6      | Reached skill level 3 in Maces & Flails
  6721 | D:6      | Reached skill level 5 in Dodging
  7029 | D:6      | Noticed Sigmund
  7036 | D:6      | Killed Sigmund
  7037 | D:6      | Reached skill level 4 in Maces & Flails
  7155 | D:6      | Found a runed translucent door.
  7155 | D:6      | Found a shimmering altar of Xom.
  7155 | D:6      | Noticed Faeranduil's ghost (novice OpAl)
  7156 | D:6      | Noticed a +0 mace of chaos
  7166 | D:6      | Killed a +0 mace of chaos
  7167 | D:6      | Reached skill level 5 in Maces & Flails
  7167 | D:6      | Reached XP level 10. HP: 28/61 MP: 8/10
  7170 | D:6      | Killed Faeranduil's ghost
  7171 | D:6      | Reached skill level 6 in Maces & Flails
  7513 | D:7      | Noticed an unseen horror
  7529 | D:7      | Killed an unseen horror
  7740 | D:7      | Reached skill level 7 in Maces & Flails
  8089 | D:8      | Noticed Maurice
  8118 | D:8      | Killed Maurice
  8351 | D:8      | Reached skill level 8 in Maces & Flails
  8946 | D:9      | Reached XP level 11. HP: 54/68 MP: 11/11
  9261 | D:9      | Found a burning altar of Makhleb.
  9264 | D:9      | Found a stormy altar of Qazlal.
  9264 | D:9      | Found an ornate altar of the Wu Jian Council.
  9264 | D:9      | Found a glowing silver altar of Zin.
  9265 | D:9      | Found a shadowy altar of Dithmenos.
  9272 | D:9      | Found a bloodstained altar of Trog.
  9776 | D:9      | Became a worshipper of Makhleb the Destroyer
  9776 | D:9      | Reached * piety under Makhleb
  9776 | D:9      | Reached ** piety under Makhleb
  9796 | D:10     | Entered Level 10 of the Dungeon
  9840 | D:10     | Found a broken altar of Ashenzari.
  9982 | D:10     | Found Ozeu's Antique Weapon Emporium.
  9989 | D:10     | Reached skill level 9 in Maces & Flails
 10002 | D:10     | Bought a bloodstained war axe for 229 gold pieces
 10002 | D:10     | Identified the +6 war axe of Spite {flame, Dex+3} (You
                  | bought it in a shop on level 10 of the Dungeon)
 10122 | D:10     | Found Luungo Byena's Book Shop.
 10387 | D:10     | Found a staircase to the Lair.
 10599 | D:10     | Found Jorhis's Armour Shoppe.
 10615 | D:10     | Bought the +0 pair of gloves of Relativism {Rampage rC+
                  | Will+} for 385 gold pieces
 10773 | D:10     | Found a shimmering blue altar of Sif Muna.
 11350 | D:11     | Noticed a cyclops
 11358 | D:11     | Killed a cyclops
 11515 | D:12     | Noticed a boulder beetle
 11525 | D:12     | Mangled by a very large slime creature

Illustrated notes

Levels and vault maps discovered:
D:1:      dpeg_arrival_boxes_within_box, layout_basic, serial_shops, shop
D:2:      layout_loops_ring, minmay_goblin_outpost, uniq_natasha
D:3:      layout_loops_corners, nicolae_ru_sacrificial_ziggurat, uniq_terence
D:4:      layout_layer_cave, kennysheep_okawaru_gauntlet,
          corexii_hall_statues_u, nicolae_stop_n_shop_1,
          hangedman_decor_growths, minmay_rat_hole
D:5:      layout_basic, minmay_misc_feat_secret_circle,
          small_statue_intersection, uniq_edmund, uniq_duvessa, uniq_pikel
D:6:      kennysheep_housing_project, layout_basic, minmay_temple_entry_slanted,
          ebering_ghost_xom, kennysheep_generic_room_13, uniq_sigmund
D:7:      layout_loops_ring, hangedman_abyss_or_decor_stagger
D:8:      wad_pebble_path, layout_loops_ring, serial_undead, serial_undead_e,
          serial_undead_c, serial_undead_e, serial_undead_b, uniq_maurice
D:9:      layout_loops_ring, grunt_temple_overflow_open
D:10:     layout_small_grid, nicolae_ashenzari_panopticon,
          kennysheep_orc_sif_temple, david_lair_generic, serial_shops,
          shop_fountains, shop, shop, minmay_fountain_box
D:11:     layout_long_grid
D:12:     layout_loops_ring, orc_0_dummy, serial_glass, glass_columns_b,
          glass_columns_b, gauntlet_entry_generic, uniq_azrael, uniq_snorg
Temple:   hellmonk_temple_two_chambers

Skill      XL: |  1  2  3  4  5  6  7  8  9 10 11 |
---------------+----------------------------------+-----
Axes           | 3 4 5 7 |  7.1
Armour         | 1 2 3 4 5 6 7 |  7.4
Fighting       | 4 5 6 7 8 |  8.6
Dodging        | 3 4 5 6 |  6.3
Short Blades   | 1 3 4 5 |  5.0
Stealth        | 1 2 3 |  3.0
Maces & Flails | 5 8 9 |  9.3

Action                     |  1- 3 |  4- 6 |  7- 9 | 10-12 || total
---------------------------+-------+-------+-------+-------++-------
  Melee: Hand axe          |    93 |   126 |       |       ||   219
         Short sword       |       |    67 |   263 |       ||   330
         Flail             |       |       |   170 |   246 ||   416
         War axe           |       |       |       |   113 ||   113
    Use: Scroll            |     1 |     4 |     2 |    10 ||    17
         Potion            |       |       |       |     2 ||     2
 Armour: Robe              |    41 |       |       |       ||    41
         Leather armour    |    31 |       |       |       ||    31
         Plate armour      |    18 |    74 |       |       ||    92
         Scale mail        |       |    51 |       |       ||    51
         Ring mail         |       |    37 |   465 |   355 ||   857
  Dodge: Dodged            |    71 |    94 |   388 |   351 ||   904
